 Dungeon Crawl Stone Soup version 0.20.1-1-g8b1a95d (webtiles) character file.

366 Kingsmith the Magician (level 6, 0/41 HPs)
             Began as a Mummy Wizard on Dec 6, 2017.
             Slain by an iguana (9 damage)
             ... on level 4 of the Dungeon.
             The game lasted 00:11:32 (5172 turns).

Kingsmith the Magician (Mummy Wizard)               Turns: 5172, Time: 00:11:33

Health: 0/41       AC:  3    Str: 10    XL:     6   Next: 40%
Magic:  5/12       EV: 12    Int: 20    God:
Gold:   190        SH:  0    Dex: 10    Spells: 3/13 levels left

rFire    . . .     SeeInvis .   e - +0 dagger
rCold    + . .     Gourm    .   (no shield)
rNeg     + + +     Faith    .   a - +0 robe
rPois    ∞         Spirit   .   n - +0 helmet
rElec    .         Reflect  .   (no cloak)
rCorr    .         Harm     .   (no gloves)
MR       +....                  (no boots)
Stlth    ++........             (no amulet)
Regen    0.2/turn               k - ring of protection from magic
MPRegen  0.2/turn               p - ring of protection from fire

@: no status effects
A: no food or potions, fire vulnerability, cold resistance 1, negative energy
resistance 3, torment resistance, unbreathing
a: no special abilities


You were on level 4 of the Dungeon.
You were not hungry.

You visited 1 branch of the dungeon, and saw 4 of its levels.

You collected 190 gold pieces.

Inventory:

Hand Weapons
 e - a +0 dagger (weapon)
Armour
 a - a +0 robe (worn)
 n - a +0 helmet (worn)
Jewellery
 h - an uncursed ring of resist corrosion
 k - a ring of protection from magic (left hand)
 p - a ring of protection from fire (right hand)
Scrolls
 b - a scroll of enchant weapon {unknown}
 d - 2 scrolls of recharging
 f - 3 scrolls of teleportation
 g - 3 scrolls of identify
 i - 2 scrolls of amnesia
 j - a scroll of fog {unknown}
 l - a scroll of enchant armour {unknown}
 m - a scroll of blinking {unknown}
 o - a scroll of magic mapping {unknown}
Books
 c - a book of Minor Magic

   Spells                             Type                      Level
   a - Magic Dart                     Conjuration                  1
   b - Blink                          Translocation                2
   c - Call Imp                       Summoning                    2
   d - Slow                           Hexes                        2
   e - Conjure Flame                  Conjuration/Fire             3
   f - Mephitic Cloud                 Conjuration/Poison/Air       3


   Skills:
 - Level 1.5 Dodging
 - Level 1.5 Stealth
 - Level 4.0 Spellcasting
 - Level 2.2 Conjurations
 + Level 2.4 Hexes
 - Level 2.3 Summonings
 - Level 0.7 Translocations
 - Level 2.3 Air Magic
 - Level 2.0 Poison Magic


You had 3 spell levels left.
You knew the following spells:

 Your Spells              Type           Power        Failure   Level  Hunger
a - Magic Dart            Conj           ##..         4%          1    N/A
b - Call Imp              Summ           ##......     8%          2    N/A
c - Slow                  Hex            ##......     7%          2    N/A
d - Mephitic Cloud        Conj/Pois/Air  ##......     16%         3    N/A
e - Blink                 Tloc           N/A          14%         2    N/A

Dungeon Overview and Level Annotations

Branches:
Dungeon (4/15)
 Temple: D:4-7

Altars:
Dithmenos

Annotations:
D:4 yogakurto's ghost, novice OgTm


Innate Abilities, Weirdness & Mutations

You do not eat or drink.
Your flesh is vulnerable to fire.
You are immune to poison.
Your flesh is cold resistant. (rC+)
You are immune to negative energy. (rN+++)
You are immune to unholy pain and torment.
You can survive without breathing.


Message History

Aiming: Magic Dart
Press: ? - help, Shift-Dir - straight line, f/p - iguana
Aim: an iguana (lightly wounded)
The magic dart hits the iguana.
The iguana is moderately wounded.
The iguana bites you!
Casting: Magic Dart
Confirm with . or Enter, or press ? or * to list all spells.
Aiming: Magic Dart
Press: ? - help, Shift-Dir - straight line, f/p - iguana
Aim: an iguana (lightly wounded)
The magic dart hits the iguana.
The iguana is moderately wounded.
The iguana bites you!
* * * LOW HITPOINT WARNING * * *
Casting: Magic Dart
Confirm with . or Enter, or press ? or * to list all spells.
A beastly little devil appears in a puff of flame.
The iguana bites you!
You die...

.####...##W...
#>#..'...'...!.
..#.##...##....
######..#.#######....
#....†..#a# ##....
#.###...#.######.....
#.###.5.#.##.........
#.......#≈##.........
#...@...#'##.........
#...l......#......###
#..........#......# #
#..#####...#......# #
#.. ....#......# #
#.. #.####......# #
#. #. #......# # #.
#. ######## # #


You could see an iguana and a friendly crimson imp.

Vanquished Creatures
  A sky beast (D:4)
  A hound (D:4)
  2 orc wizards (D:3)
  2 worker ants (D:4)
  7 adders
  2 oozes (D:1)
  A worm (D:3)
  3 dart slugs (D:1)
  A leopard gecko (D:4)
  2 orcs
  2 ball pythons (D:4)
  3 giant cockroaches
  7 goblins
  10 hobgoblins
  5 kobolds
  A quokka (D:1)
  3 bats
  4 frilled lizards
  6 rats
63 creatures vanquished.

Vanquished Creatures (collateral kills)
  An orc priest (D:3)
  Jessica (D:2)
  A worker ant (D:4)
  Robin (D:2)
  An adder (D:3)
  A worm (D:2)
  2 orcs (D:3)
  2 goblins (D:2)
  A quokka (D:2)
11 creatures vanquished.

Grand Total: 74 creatures vanquished

Notes
Turn   | Place    | Note
-------+----------+-------------------------------------------
     0 | D:1      | Kingsmith the Mummy Wizard began the quest for the Orb.
     0 | D:1      | Reached XP level 1. HP: 13/13 MP: 5/5
    33 | D:1      | Reached skill level 1 in Conjurations
   433 | D:1      | Reached XP level 2. HP: 13/19 MP: 0/7
   965 | D:1      | Learned a level 2 spell: Call Imp
   981 | D:1      | Reached skill level 1 in Summonings
   981 | D:1      | Reached XP level 3. HP: 18/24 MP: 3/8
  1949 | D:2      | Learned a level 2 spell: Slow
  1953 | D:2      | Learned a level 3 spell: Mephitic Cloud
  1968 | D:2      | Found a shadowy altar of Dithmenos.
  2071 | D:2      | Noticed Jessica
  2080 | D:2      | Killed Jessica
  2080 | D:2      | Reached XP level 4. HP: 30/30 MP: 1/10
  2262 | D:2      | Noticed Robin
  2283 | D:2      | Killed Robin
  2509 | D:2      | Reached skill level 1 in Air Magic
  2643 | D:3      | Learned a level 2 spell: Blink
  2989 | D:3      | Reached XP level 5. HP: 16/35 MP: 3/11
  3687 | D:3      | Reached skill level 1 in Poison Magic
  4484 | D:4      | Reached skill level 1 in Hexes
  4484 | D:4      | Reached XP level 6. HP: 20/41 MP: 0/12
  4870 | D:4      | Noticed a sky beast
  4874 | D:4      | Noticed yogakurto's ghost (novice OgTm)
  4997 | D:4      | Killed a sky beast
  5172 | D:4      | Slain by an iguana

Skill      XL: |  1  2  3  4  5  6 |
---------------+-------------------+-----
Conjurations   | 1 2 |  2.2
Summonings     | 1 2 |  2.3
Air Magic      | 2 |  2.3
Poison Magic   | 2 |  2.0
Hexes          | 1 2 |  2.4
Dodging        | |  1.5
Stealth        | |  1.5
Spellcasting   | |  4.0
Translocations | |  0.7

Action                   |  1- 3 |  4- 6 || total
-------------------------+-------+-------++-------
Melee: Unarmed           |    13 |       ||    13
       Dagger            |    54 |    62 ||   116
 Cast: Magic Dart        |    70 |   111 ||   181
       Call Imp          |     4 |    29 ||    33
  Use: Scroll            |       |     4 ||     4
 Stab: Sleeping          |     1 |     1 ||     2
Armor: Robe              |     5 |    18 ||    23
Dodge: Dodged            |    49 |    56 ||   105
